 Dungeon Crawl Stone Soup version 0.24-a0-244-ga6a6ab7 (webtiles) character file.

Game seed: 15691297248352854952

18 MatthieuS the Ruffian (level 2, -14/27 HPs)
             Began as a Troll Transmuter on Apr 10, 2019.
             Engulfed by a cloud of flame (15 damage)
             ... on level 1 of the Dungeon.
             The game lasted 00:01:46 (539 turns).

MatthieuS the Ruffian (Troll Transmuter)             Turns: 539, Time: 00:01:47

Health: -14/27     AC:  6    Str: 17    XL:     2   Next: 51%
Magic:  3/3        EV: 10    Int:  9    God:
Gold:   82         SH:  0    Dex: 10    Spells: 2/3 levels left

rFire    . . .     SeeInvis .     - Unarmed
rCold    . . .     Gourm    +   (no shield)
rNeg     . . .     Faith    .   b - +0 robe
rPois    .         Spirit   .   (helmet restricted)
rElec    .         Reflect  .   (no cloak)
rCorr    .         Harm     .   (gloves unavailable)
MR       .....                  (boots unavailable)
Stlth    +.........             (no amulet)
HPRegen  0.49/turn              (no ring)
MPRegen  0.08/turn              (no ring)

@: no status effects
A: large, unfitting armour, claws 3, fast metabolism 3, gourmand, regeneration
1, shaggy fur 1, tough skin 3
a: no special abilities


You were on level 1 of the Dungeon.
You were very full.

You visited 1 branch of the dungeon, and saw 1 of its levels.

You collected 82 gold pieces.

Inventory:

Hand Weapons
 h - a +1 dagger of venom
   (You took it off a kobold on level 1 of the Dungeon)
Missiles
 a - 29 arrows
Armour
 b - a +0 robe (worn)
Jewellery
 g - an uncursed amulet of guardian spirit {unknown}
   (You found it on level 1 of the Dungeon)
Scrolls
 f - 2 scrolls of identify {unknown}
 k - 2 scrolls of remove curse {unknown}
Comestibles
 e - 3 rations


   Skills:
 + Level 1.1 Fighting
 - Level 1.5 Dodging
 + Level 3.2 Unarmed Combat
 + Level 1.4 Spellcasting
 + Level 1.6 Transmutations


You had 2 spell levels left.
You knew the following spells:

 Your Spells              Type           Power        Failure   Level  Hunger
a - Beastly Appendage     Tmut           #.....       19%         1    ##.....

Your spell library contained the following spells:

 Spells                   Type           Power        Failure   Level  Hunger
 Sticks to Snakes         Tmut           #.......     26%         2    ###....
 Spider Form              Tmut/Pois      #.........   58%         3    ####...
 Ice Form                 Ice/Tmut       #.......     94%         4    #####..
 Blade Hands              Tmut           #.........   99%         5    ######.


Dungeon Overview and Level Annotations

Branches:
Dungeon (1/15)

Altars:


Innate Abilities, Weirdness & Mutations

You are too large for most types of armour.
You have claws for hands.
Your metabolism is lightning-fast.
You like to eat raw meat.
Your natural rate of healing is unusually fast.
You are covered in fur. (AC +1)
You have extremely tough skin. (AC +3)


Message History

It was a potion of heal wounds.
You feel much better.
It was a potion of berserk rage.
A red film seems to cover your vision as you go berserk!
You feel yourself moving faster!
You feel mighty!
Really fly into a travel-excluded area?
You feel a strong urge to attack something.
Found a gold piece.
Really fly into that cloud of flame? [Y]es or [N]o only, please.
Really fly into that cloud of flame?
You are engulfed in blazing flames.
Really fly into that cloud of flame? [Y]es or [N]o only, please.
Really fly into that cloud of flame?
Okay, then.
Really fly into that cloud of flame? [Y]es or [N]o only, please.
Really fly into that cloud of flame?
You feel your anger nearly subside.
You are engulfed in blazing flames.
You are no longer berserk.
You are exhausted.
You feel yourself slow down.
k - 2 scrolls labeled YTSIEQ LEECZU (gained 1)
There are no items here.
You now have 48 gold pieces (gained 9).
You now have 58 gold pieces (gained 10).
You now have 59 gold pieces (gained 1).
You now have 67 gold pieces (gained 8).
You now have 77 gold pieces (gained 10).
You now have 82 gold pieces (gained 5).
You start waiting.
You are starting to lose your buoyancy.
You start waiting.
You float gracefully downwards.
You feel yourself speed up.
You recover from your berserk rage.
Done waiting.
Really walk into a travel-excluded area?
You are engulfed in blazing flames.
You are engulfed in blazing flames.
Ouch! That really hurt!
* * * LOW HITPOINT WARNING * * *
Really walk into that cloud of flame?
Okay, then.
You aren't carrying any potions.
Unknown command.
You are engulfed in blazing flames.
Ouch! That really hurt!
You die...

.........# #☼○§#
###.###### #○§§#
###.#
######...######
..#.#
##.☼§§.....§°§.#
#.#.#
#..○○§.....○☼§.#
#.#.#
#..§°☼.....§°..#
#÷#.##
#.#####...######
#..#.###.# #○☼§#
#.###....# #☼○@#
.## ##...# #§§§#
## ##..# #...#
.## ##...# #####
#.###.#.##
##.#.##.#
##...##.#
......#.#
......#.#


There were no monsters in sight!

Vanquished Creatures
  A dart slug (D:1)
  A leopard gecko (D:1)
  A goblin (D:1)
  3 hobgoblins (D:1)
  5 bats (D:1)
  A frilled lizard (D:1)
  2 kobolds (D:1)
  2 rats (D:1)
16 creatures vanquished.

Notes
Turn   | Place    | Note
-------+----------+-------------------------------------------
     0 | D:1      | MatthieuS the Troll Transmuter began the quest for the Orb.
     0 | D:1      | Reached XP level 1. HP: 18/18 MP: 1/1
    32 | D:1      | Reached skill level 1 in Fighting
    66 | D:1      | Reached XP level 2. HP: 27/27 MP: 3/3
   538 | D:1      | HP: 1/27 [something (15)]
   539 | D:1      | Engulfed by a cloud of flame

Levels and vault maps discovered:
D:1:      dpeg_arrival_houses_and_road, layout_loops_ring, lemuel_flame_loot_1

Skill      XL: |  1 |
---------------+----+-----
Fighting       | 1 |  1.1
Dodging        | |  1.5
Unarmed Combat | |  3.2
Spellcasting   | |  1.4
Transmutations | |  1.6

Action                   || total
-------------------------++-------
Melee: Unarmed           ||    48
       Punch             ||     1
  Use: Potion            ||     3
  Eat: Chunk             ||     9
Armor: Robe              ||    33
Dodge: Dodged            ||    24

Table legend:
 A = Non-vault XP
 B = Vault XP
 C = Vault XP percentage of total XP
 D = Non-vault monster count
 E = Vault monster count
 F = Vault count percentage of total count
                 A         B        C        D         E       F
            +---------+---------+-------+---------+---------+-------
      Total |      27 |       0 |   0.0 |      16 |       0 |   0.0
            +---------+---------+-------+---------+---------+-------
        D:1 |      27 |       0 |   0.0 |      16 |       0 |   0.0
            +---------+---------+-------+---------+---------+-------
